 Dungeon Crawl Stone Soup version 0.27.0-1-g7a089689b8 (webtiles) character file.

Game seed: 18358986324318008712

11500 bnorton916 the Destroyer (level 11, 0/54 HPs)
             Began as a Deep Elf Conjurer on Aug 5, 2021.
             Was a Believer of Qazlal.
             Slain by an unseen horror (7 damage)
             ... on level 10 of the Dungeon.
             The game lasted 00:30:18 (18323 turns).

bnorton916 the Destroyer (Deep Elf Conjurer)       Turns: 18323, Time: 00:30:18

Health: 0/54       AC: 10    Str:  5    XL:     11   Next: 50%
Magic:  14/25      EV: 12    Int: 32    God:    Qazlal [**....]
Gold:   326        SH:  2    Dex: 15    Spells: 8/27 levels left

rFire    . . .     SeeInvis .   n - +3 spear (elec)
rCold    . . .     Faith    .   (no shield)
rNeg     . . .     Spirit   .   a - +0 robe
rPois    +         Reflect  .   o - +0 helmet
rElec    .         Harm     .   (no cloak)
rCorr    .         Rampage  .   f - +0 pair of gloves
Will     +++..                  z - +1 pair of boots
Stlth    ++........             G - amulet of the acrobat
HPRegen  0.18/turn              g - +6 ring of intelligence
MPRegen  0.19/turn              s - ring "Pimpub" {Drain rPois Will++ AC+4 Dex+2}

@: no status effects
A: no striking features
a: Renounce Religion, Upheaval


You were on level 10 of the Dungeon.
You worshipped Qazlal.
Qazlal was pleased with you.
You visited 3 branches of the dungeon, and saw 12 of its levels.
You also visited: Sewer.

You collected 737 gold pieces.
You spent 411 gold pieces at shops.

Inventory:

Hand Weapons
 j - a +1 dagger of venom
 n - a +3 spear of electrocution (weapon)
Missiles
 b - 353 stones
 d - 12 boomerangs
Armour
 a - a +0 robe (worn)
 f - a +0 pair of gloves (worn)
 o - a +0 helmet (worn)
 y - a +0 kite shield
 z - a +1 pair of boots (worn)
 M - +0 acid dragon scales
Jewellery
 g - a +6 ring of intelligence (left hand)
 m - a ring of resist corrosion
 s - the ring "Pimpub" (right hand) {Drain rPois Will++ AC+4 Dex+2}
   (You acquired it on level 6 of the Dungeon)

   [ring of protection]

   AC:        It affects your AC (+4).
   Dex:       It affects your dexterity (+2).
   rPois:     It protects you from poison.
   Drain:     It drains your maximum health when unequipped.
   Will:      It greatly increases your willpower.
 w - a ring of protection from fire
 G - an amulet of the acrobat (around neck)
Wands
 v - a wand of acid (5)
 E - a wand of mindburst (14)
 H - a wand of charming (9)
Scrolls
 h - 2 scrolls of teleportation
 l - a scroll of magic mapping
 A - 2 scrolls of noise
 B - a scroll of vulnerability
 D - 5 scrolls of enchant armour
 F - a scroll of fog
 I - a scroll of amnesia
 J - a scroll of immolation
 K - 2 scrolls of identify
Potions
 c - 4 potions of flight
 e - 4 potions of lignification
 i - 4 potions of curing
 k - 4 potions of might
 p - 6 potions of heal wounds
 q - a potion of invisibility {unknown}
 r - 4 potions of magic
 t - 4 potions of brilliance
 u - 5 potions of degeneration
 x - 2 potions of mutation
 C - 3 potions of haste


   Skills:
 - Level 2.4 Dodging
 - Level 2.4 Stealth
 - Level 8.5 Spellcasting
 + Level 11.8 Conjurations
 - Level 6.9 Hexes
 - Level 5.7 Translocations
 - Level 5.7 Transmutations
 + Level 10.6 Earth Magic
 + Level 4.2 Invocations


You had 8 spell levels left.
You knew the following spells:

 Your Spells              Type           Power      Damage    Failure   Level
a - Magic Dart            Conj           100%       1d8       1%          1
b - Searing Ray           Conj           100%       3d7       1%          2
c - Fulminant Prism       Conj/Hex       32%        3d16      1%          4
d - Iskenderun's Mystic   Conj/Tloc      62%        2d13      1%          4
e - Passwall              Tmut/Erth      50%        N/A       1%          2
f - Iron Shot             Conj/Erth      35%        9d7       5%          6

Your spell library contained the following spells:

 Spells                   Type           Power      Damage    Failure   Level
 Apportation              Tloc           100%       N/A       1%          1
 Corona                   Hex            61%        N/A       1%          1
 Ensorcelled Hibernation  Hex/Ice        70%        N/A       1%          2
 Slow                     Hex            55%        N/A       1%          2
 Confusing Touch          Hex            55%        N/A       1%          3
 Dazzling Flash           Conj/Hex       100%       N/A       1%          3
 Tukima's Dance           Hex            55%        N/A       1%          3
 Lee's Rapid Deconstruct  Erth           34%        3d18*     1%          5
 Animate Armour           Summ/Erth      94%        N/A       4%          4
 Blade Hands              Tmut           25%        N/A       10%         5
 Swiftness                Air            13%        N/A       11%         3
 Vampiric Draining        Necr           6%         2d6       11%         3
 Alistair's Intoxication  Tmut/Pois      21%        N/A       30%         5
 Invisibility             Hex            27%        N/A       30%         6


Dungeon Overview and Level Annotations

Branches:
Dungeon (10/15)            Temple (1/1) D:7            Lair (1/6) D:8
  Sewer (visited)
    Orc: D:9-12

Altars:
Ashenzari
Cheibriados
Elyvilon
Fedhas
Gozag
Hepliaklqana
Kikubaaqudgha
Makhleb
Nemelex Xobeh
Okawaru
Qazlal
Ru
Sif Muna
Trog
Uskayaw
Wu Jian
Xom
Yredelemnul
Zin
The Shining One

Shops:
D:3 [!?   D:5 (

Annotations:
D:4 2 transporters, Sin92's ghost, amateur DsFi
D:7 1 runed translucent door, backslashecho's ghost, novice MiFi
D:9 2 transporters, exclusion: oklob plant, Arex's ghost, novice MiBe


Message History

Things that are here:
a +0 spear; a +0 scale mail; a gnoll corpse
D - 5 scrolls of enchant armour (gained 1)
Things that are here:
a +0 halberd; a +0 spear; a gnoll corpse
Things that are here:
a +0 halberd; a gnoll corpse Something hits you.
Deactivating autopickup; reactivate with Ctrl-A.
You barely miss something. Something hits you but does no damage.
Something hits you. Something hits you!
You start putting on your amulet.
You continue putting on your amulet of the acrobat.
You block something's attack.
Keep equipping yourself? [Y]es or [N]o only, please.
Keep equipping yourself?
You continue putting on your amulet of the acrobat.
Something hits you but does no damage.
You continue putting on your amulet of the acrobat.
Something hits you! Something hits you.
* * * LOW HITPOINT WARNING * * *
You continue putting on your amulet of the acrobat.
Something hits you.
* * * LOW HITPOINT WARNING * * *
Something hits you but does no damage.
You continue putting on your amulet of the acrobat.
Something hits you.
* * * LOW HITPOINT WARNING * * *
Something hits you but does no damage.
You finish putting on your amulet of the acrobat.
You feel ready to tumble and roll out of harm's way.
G - an amulet of the acrobat (around neck)
Casting: Searing Ray (safe; 1% risk of failure)
Confirm with . or Enter, or press ? or * to list all spells.
You erupt in a blast of force!
The mystic blast hits something!
The kobold shouts!
Something hits you!
You die...

#.# ... #. #.#
.K. #.## #.#
... ..# #.#
#.#####^## #.#
#........# #.#
#.{......# #.#
#..{.....###.#
#...@○..).##.#
#########)##.#
#)##.# #.##.#
####.##.#
#.....#.#
#.....#.#
#.....#.#
#.....#.#


You could see a kobold.

Vanquished Creatures
  3 two-headed ogres (D:9)
  An ugly thing (D:6)
  2 black mambas (Lair:1)
  Maggie (D:10)
  A komodo dragon (Lair:1)
  2 hornets
  5 blink frogs (Lair:1)
  A dream sheep (Lair:1)
  Sigmund (D:6)
  2 spriggans (Lair:1)
  A vampire (D:10)
  A wyvern (D:7)
  9 yaks
  A steam dragon (D:6)
  2 water moccasins
  An ice beast (D:3)
  A black bear (Lair:1)
  An orc warrior (D:9)
  A sky beast (D:7)
  A necrophage (D:6)
  An ogre (D:7)
  A phantom (D:6)
  4 centaurs
  2 kobold brigands
  7 bullfrogs
  A wyvern zombie (D:7)
  2 gnoll sergeants
  A scorpion (D:5)
  A water moccasin skeleton (D:5)
  2 wyvern skeletons (D:6)
  11 killer bees
  4 wights (D:9)
  5 howler monkeys
  9 centaur zombies
  3 hounds
  A bullfrog zombie (D:6)
  2 jellies
  A bullfrog skeleton (D:3)
  5 orc priests
  3 iguanas
  5 orc wizards
  6 killer bee zombies
  A hound skeleton (D:4)
  3 howler monkey zombies (D:9)
  Robin (D:3)
  6 gnolls
  12 adders
  3 river rats (D:6)
  3 worms
  A dart slug (D:1)
  26 orcs
  10 endoplasms
  5 giant cockroaches
  15 goblins
  6 hobgoblins
  8 jackals
  24 kobolds
  2 quokkas
  12 ball pythons
  6 bats
  2 frilled lizards
  5 rats
266 creatures vanquished.

Vanquished Creatures (others)
  19 fulminant prisms
  25 fungi
  53 plants (Lair:1)
  8 toadstools (Lair:1)
105 creatures vanquished.

Grand Total: 371 creatures vanquished

Notes
Turn   | Place    | Note
-------+----------+-------------------------------------------
     0 | D:1      | bnorton916 the Deep Elf Conjurer began the quest for the
                  | Orb.
     0 | D:1      | Reached XP level 1. HP: 10/10 MP: 6/6
   503 | D:1      | Reached XP level 2. HP: 15/15 MP: 3/8
   969 | D:1      | Learned a level 2 spell: Searing Ray
  1962 | D:2      | Reached skill level 5 in Conjurations
  1962 | D:2      | Reached XP level 3. HP: 19/19 MP: 8/10
  2183 | D:2      | Found a hazy altar of Hepliaklqana.
  2372 | D:2      | Found a faded altar of an unknown god.
  2666 | D:2      | Reached XP level 4. HP: 20/24 MP: 7/12
  2825 | D:3      | Found Oleifivu's Magic Scroll Emporium.
  3000 | D:3      | Bought a scroll of identify for 22 gold pieces
  3012 | D:3      | Noticed Robin
  3030 | D:3      | Killed Robin
  3031 | D:3      | Reached skill level 5 in Spellcasting
  3251 | D:3      | Noticed an ice beast
  3256 | D:3      | Killed an ice beast
  3257 | D:3      | Reached skill level 6 in Conjurations
  3257 | D:3      | Reached XP level 5. HP: 28/28 MP: 8/15
  3775 | D:3      | Found Jiniap's Distillery.
  3778 | D:3      | Bought a potion of brilliance for 52 gold pieces
  3830 | D:3      | Reached XP level 6. HP: 32/32 MP: 12/17
  3863 | D:3      | You fall into a shaft and drop 1 floor!
  4055 | D:4      | Noticed Sin92's ghost (amateur DsFi)
  4056 | D:4      | Found a transporter.
  4200 | D:4      | Found a hide-covered altar of Uskayaw.
  4321 | D:4      | Found a transporter.
  4412 | D:3      | Found Rauje's Armour Emporium.
  4445 | D:3      | Bought a +0 pair of boots for 63 gold pieces
  4821 | D:4      | Reached skill level 7 in Conjurations
  4905 | D:4      | Found a white marble altar of Elyvilon.
  5470 | D:5      | Entered Level 5 of the Dungeon
  5504 | D:5      | Reached XP level 7. HP: 18/36 MP: 11/20
  5923 | D:5      | Found Vaphaor's Antique Weapon Boutique.
  6309 | D:5      | Reached skill level 8 in Conjurations
  6593 | D:5      | Learned a level 4 spell: Fulminant Prism
  6598 | D:5      | Learned a level 4 spell: Iskenderun's Mystic Blast
  6601 | D:5      | Learned a level 2 spell: Passwall
  6621 | D:6      | Identified a scroll of acquirement
  6621 | D:6      | Acquired the ring "Pimpub" {Drain rPois Will++ AC+4 Dex+2}
  6713 | D:6      | Found a blossoming altar of Fedhas.
  6732 | D:6      | Reached skill level 1 in Hexes
  6732 | D:6      | Reached skill level 1 in Translocations
  6799 | D:6      | Reached skill level 1 in Transmutations
  6799 | D:6      | Reached skill level 1 in Earth Magic
  6805 | D:6      | Found a glowing silver altar of Zin.
  6856 | D:6      | Reached XP level 8. HP: 41/41 MP: 18/22
  6876 | D:6      | Found a glowing drain.
  6966 | Sewer    | Entered a sewer
  8147 | D:6      | Noticed a green ugly thing
  8160 | D:6      | Killed a green ugly thing
  8400 | D:6      | Reached skill level 5 in Hexes
  8400 | D:6      | Reached XP level 9. HP: 45/45 MP: 17/23
  8726 | D:6      | Noticed Sigmund
  8731 | D:6      | Killed Sigmund
  9011 | D:7      | Reached skill level 5 in Translocations
  9011 | D:7      | Reached skill level 5 in Transmutations
  9011 | D:7      | Reached skill level 5 in Earth Magic
  9165 | D:7      | Found an ancient bone altar of Kikubaaqudgha.
  9774 | D:7      | Found a runed translucent door.
  9774 | D:7      | Found a shimmering altar of Xom.
  9774 | D:7      | Noticed backslashecho's ghost (novice MiFi)
  9774 | D:7      | Noticed a +2 dagger of chaos
  9776 | D:7      | Found a burning altar of Makhleb.
  9923 | D:3      | Bought a scroll of fog for 22 gold pieces
  9923 | D:3      | Bought a scroll of identify for 22 gold pieces
  9923 | D:3      | Bought a scroll of identify for 22 gold pieces
  9948 | D:3      | Bought a potion of haste for 130 gold pieces
  9948 | D:3      | Bought a potion of curing for 39 gold pieces
  9948 | D:3      | Bought a potion of curing for 39 gold pieces
 10555 | D:7      | Found a staircase to the Ecumenical Temple.
 10839 | Temple   | Entered the Ecumenical Temple
 11070 | Temple   | Became a worshipper of Qazlal Stormbringer
 11338 | D:8      | Learned a level 6 spell: Iron Shot
 11364 | D:8      | Found a staircase to the Lair.
 11719 | D:8      | Found an iron altar of Okawaru.
 12257 | Lair:1   | Entered Level 1 of the Lair of Beasts
 12261 | Lair:1   | Reached XP level 10. HP: 47/50 MP: 15/24
 12453 | Lair:1   | Reached skill level 9 in Conjurations
 12458 | Lair:1   | Noticed a black mamba
 12660 | Lair:1   | Killed a black mamba
 12956 | Lair:1   | Noticed a cane toad
 13040 | Lair:1   | Reached skill level 10 in Conjurations
 13293 | Lair:1   | Noticed a black mamba
 13302 | Lair:1   | Killed a black mamba
 13302 | Lair:1   | Reached * piety under Qazlal
 14284 | Lair:1   | Noticed a boulder beetle
 14559 | D:9      | Found a bloodstained altar of Trog.
 14570 | D:9      | Noticed a two-headed ogre
 14578 | D:9      | Killed a two-headed ogre
 14579 | D:9      | Reached skill level 11 in Conjurations
 14579 | D:9      | Reached XP level 11. HP: 54/54 MP: 7/25
 15257 | D:9      | Paralysed by a hornet for 3 turns
 15262 | D:9      | Reached skill level 1 in Invocations
 15598 | D:9      | Found a basalt altar of Yredelemnul.
 15877 | D:9      | Noticed a two-headed ogre
 15885 | D:9      | Killed a two-headed ogre
 15886 | D:9      | Reached skill level 10 in Earth Magic
 15982 | D:9      | Noticed a two-headed ogre
 15992 | D:9      | Killed a two-headed ogre
 16462 | D:9      | Found a transporter.
 16489 | D:9      | Noticed an oklob plant
 16494 | D:9      | Found a transporter.
 16506 | D:9      | Noticed a fire dragon
 16506 | D:9      | Noticed Arex's ghost (novice MiBe)
 16540 | D:9      | HP: 2/54 [poisoned by a killer bee]
 16877 | D:9      | Noticed a boulder beetle
 17038 | D:9      | Found a shimmering blue altar of Sif Muna.
 17054 | D:9      | Found a glowing golden altar of the Shining One.
 17561 | D:10     | Entered Level 10 of the Dungeon
 17627 | D:10     | Noticed Maggie
 17636 | D:10     | Killed Maggie
 17636 | D:10     | Reached ** piety under Qazlal
 18323 | D:10     | Slain by an unseen horror

Illustrated notes

Levels and vault maps discovered:
D:1:      dpeg_arrival_oval, layout_basic, chequers_serial_rivers_small_3,
          minmay_distorted
D:2:      layout_basic, basic_altar, chequers_ecumenical_altar_simple
D:3:      layout_basic, serial_shops, shop, shop, nicolae_shop_waterfront,
          uniq_robin
D:4:      minmay_spotlight, layout_cave_pods,
          mainiacjoe_overflow_six_doors_small, eat_drink_and_be_merry_uskayaw,
          gammafunk_ghost_smash
D:5:      layout_basic, serial_shops, nicolae_shop_window_shopping
D:6:      layout_basic, mainiacjoe_overflow_cross_hatched,
          mainiacjoe_overflow_boulevard, lightli_sewer_entry_pipes,
          kennysheep_generic_room_12, uniq_sigmund
D:7:      layout_loops_ring, amcnicky_altar_gilded, kiku_gazebo_pond_becter,
          minmay_temple_entry_nine_rooms, ebering_ghost_xom
D:8:      layout_gridville, general_overflow_altar, lair_entry_dummy,
          kennysheep_generic_room_16
D:9:      layout_irregular_city, trog_three_pillars_becter,
          mainiacjoe_overflow_large_starburst, nicolae_yredelemnul_corpse_copse,
          nzn_ghost_randoct
D:10:     layout_basic, vehumet_altar_wand_db, mainiacjoe_overflow_alcove_2,
          uniq_maggie, uniq_harold
Temple:   jpeg_temple_island
Lair:1:   gammafunk_lair_enchanted_lake, layout_loops_ring, wad_woods_02

Skill      XL: |  1  2  3  4  5  6  7  8  9 10 11 |
---------------+----------------------------------+-----
Spellcasting   | 4 5 6 7 8 |  8.5
Conjurations   | 5 6 7 8 11 | 11.8
Hexes          | 1 5 6 |  6.9
Translocations | 1 4 5 |  5.7
Transmutations | 1 4 5 |  5.7
Earth Magic    | 1 4 6 9 10 | 10.6
Invocations    | 4 |  4.2
Dodging        | |  2.4
Stealth        | |  2.4

Action                   |  1- 3 |  4- 6 |  7- 9 | 10-12 || total
-------------------------+-------+-------+-------+-------++-------
Melee: Spear             |       |       |    12 |     7 ||    19
 Cast: Magic Dart        |    88 |   103 |   118 |    57 ||   366
       Searing Ray       |       |    12 |    48 |    46 ||   106
       Iskenderun's Myst |       |       |     9 |    23 ||    32
       Fulminant Prism   |       |       |     4 |    15 ||    19
  Use: Scroll            |       |     2 |    15 |     2 ||    19
 Stab: Sleeping          |       |       |     1 |       ||     1
Armor: Robe              |     6 |     4 |    33 |    48 ||    91
Dodge: Dodged            |    12 |    18 |    65 |    49 ||   144
Block: Other             |       |       |       |     6 ||     6
